 Dungeon Crawl Stone Soup version 0.30.1-4-g462c640d31 (webtiles) character file.

Game seed: 4366607037422530371

600 spardeous the Destroyer (level 6, -7/44 (45) HPs)
             Began as a Demigod Conjurer on Sept 2, 2023.
             Mangled by an orc knight
             ... wielding a +0 halberd
              (21 damage)
             ... in a bailey.
             The game lasted 00:05:44 (3506 turns).

spardeous the Destroyer (Demigod Conjurer)          Turns: 3506, Time: 00:05:45

HP:   -7/44 (45)    AC: 13    Str: 13    XL:     6   Next: 96%
MP:   11/11         EV: 10    Int: 28    God:
Gold: 182           SH:  5    Dex: 12    Spells: 5/8 levels left

rFire   . . .        q - +8 dagger "Ofeofijy" {heavy, Str+5}
rCold   . . .        (no shield)
rNeg    . . .        x - +4 ring mail
rPois   .            (no helmet)
rElec   .            (no cloak)
rCorr   .            (no gloves)
SInv    .            (no boots)
Will    .....        p - amulet of reflection
Stlth   +            j - +4 ring of protection
HPRegen 0.27/turn    (no ring)
MPRegen 0.12/turn

%: reflection
@: lightly drained
A: high MP 1, forlorn, divine attributes
a: no special abilities


You were in a bailey.
You visited 1 branch of the dungeon, and saw 6 of its levels.
You also visited: Bailey.

You collected 182 gold pieces.

Inventory:

Hand Weapons
 f - a +4 short sword
 q - the +8 dagger "Ofeofijy" (weapon) {heavy, Str+5}
   (You found it on level 2 of the Dungeon)

   Str:       It affects your strength (+5).
Armour
 a - a +0 robe
 i - a +0 leather armour
 x - a +4 ring mail (worn)
Jewellery
 j - a +4 ring of protection (left hand)
 p - an amulet of reflection (around neck)
Wands
 w - a wand of charming (5)
Scrolls
 d - a scroll of identify {unknown}
 g - 2 scrolls of butterflies {unknown}
 k - a scroll of fear {unknown}
 l - a scroll of poison
 o - a scroll of magic mapping {unknown}
 s - a scroll of noise {unknown}
 u - a scroll of enchant armour {unknown}
 v - 3 scrolls of teleportation {unknown}
Potions
 b - a potion of magic
 c - a potion of curing {unknown}
 e - a potion of attraction {unknown}
 h - a potion of degeneration {unknown}
 m - a potion of heal wounds {unknown}
 n - a potion of cancellation {unknown}
 r - 2 potions of brilliance {unknown}
 t - 4 potions of haste {unknown}
 z - a potion of might {unknown}


   Skills:
 - Level 1.7 Dodging
 - Level 1.7 Stealth
 - Level 1.7 Spellcasting
 + Level 8.0 Conjurations


You had 5 spell levels left.
You knew the following spells:

 Your Spells              Type           Power      Damage    Failure   Level
a - Magic Dart            Conj           100%       1d8       1%          1
b - Searing Ray           Conj           94%        2d7       1%          2

Your spell library contained the following spells:

 Spells                   Type           Power      Damage    Failure   Level
 Dazzling Flash           Conj/Hex       50%        N/A       12%         3
 Fulminant Prism          Conj/Hex       12%        3d9       36%         4
 Iskenderun's Mystic Bla  Conj/Tloc      25%        2d7       36%         4
 Vhi's Electric Charge    Tloc/Air       4%         N/A       52%         3
 Arcjolt                  Conj/Air       12%        1d22      73%         5
 Maxwell's Capacitive Co  Air            1%         ∞         100%        8


Dungeon Overview and Level Annotations

Branches:
Dungeon (7/15)             Bailey (1/1)
 Temple: D:4-7

Shops:
D:1 [(   D:3 (


Innate Abilities, Weirdness & Mutations

You have an increased reservoir of magic. (+10% MP)
You shall have no god before yourself.
Your divine heritage dramatically boosts your attributes as you level up.


Message History

Which direction?
You close the door.
You open the door.
There is an open door here.
You close the door.
You open the door.
You close the door.
An orc knight opens the door.
There is a fountain of clear blue water here.
There is an open door here.
The orc knight hits you with a +0 halberd!!
You take 20 damage, and have 25/45 hp.
MASSIVE DAMAGE!!
The orc knight hits you from afar with a +0 halberd!
* * * LOW HITPOINT WARNING * * *
The gnoll hits you from afar with a +1 halberd of draining.
* * * LOW HITPOINT WARNING * * *
You feel drained.
You take 14 damage, and have 11/44 hp.
MASSIVE DAMAGE!!
Unknown command.
There is an open door, spattered with blood here.
There is an open door here.
There is an open door here.
There is a gate leading back out of this place here.
Okay, then.
Okay, then.
Okay, then.
Casting: Searing Ray (safe; 1% risk of failure)
Confirm with . or Enter, or press ? or * to list all spells.
Okay, then.
Casting: Searing Ray (safe; 1% risk of failure)
Confirm with . or Enter, or press ? or * to list all spells.
Okay, then.
Okay, then.
There is an open door here.
Things that are here:
a +0 halberd; a +0 scale mail The air fills with toxic fumes!
As you read the scroll labelled GAULAL QOEHUL, it crumbles to dust.
It was a scroll of poison.
The orc knight hits you from afar with a +0 halberd!!
You die... gg#

##g.... !.!.
###..... +!.⌠.
#.'..⌠.. #.!.!
###..... #!.!
##..... +##+
+###'##'##
#.#.###)## ### ###
##### ###
#@###)###)#.###.##
##§##'##'###'##'##
##o§)..## ##.....
###§g§§.#####.....
#)'.§g§§§)#)'..⌠..
###.§§§§#####.g...
##..§§g## ##.....
##'##§##§###'##'##
#∩###.###.'.###)##


You could see an orc knight and 3 gnolls.

Vanquished Creatures
  A water moccasin (D:7)
  A phantom (D:7)
  A hound (D:4)
  An orc priest (D:7)
  An iguana (D:7)
  4 orc wizards
  Ijyb (D:4)
  8 gnolls
  3 adders
  2 worms (D:3)
  3 dart slugs
  15 orcs
  6 bats
  4 endoplasms
  5 giant cockroaches
  6 goblins
  5 hobgoblins
  9 kobolds
  4 quokkas
  4 ball pythons
  3 frilled lizards
  5 rats
92 creatures vanquished.

Notes
Turn   | Place    | Note
-------+----------+-------------------------------------------
     0 | D:1      | spardeous the Demigod Conjurer began the quest for the Orb.
     0 | D:1      | Reached XP level 1. HP: 14/14 MP: 5/5
   172 | D:1      | Reached skill level 4 in Conjurations
   249 | D:1      | Reached XP level 2. HP: 20/20 MP: 2/7
   552 | D:1      | Found Tiewol's Armour Shoppe.
   607 | D:1      | Found Zeblaf's Weapon Emporium.
   856 | D:1      | Reached XP level 3. HP: 26/26 MP: 4/8
  1155 | D:2      | Identified the +8 dagger "Ofeofijy" {heavy, Str+5}
  1470 | D:2      | Learned a level 2 spell: Searing Ray
  1646 | D:3      | Found Keamm's Weapon Boutique.
  1769 | D:3      | Reached skill level 5 in Conjurations
  1836 | D:3      | Reached XP level 4. HP: 33/33 MP: 9/9
  2457 | D:4      | Noticed Ijyb
  2461 | D:4      | Killed Ijyb
  2462 | D:4      | Reached skill level 6 in Conjurations
  2462 | D:4      | Reached XP level 5. HP: 16/38 MP: 2/10
  2574 | D:4      | You fall into a shaft and drop 3 floors!
  2618 | D:7      | Noticed a sky beast
  2708 | D:7      | Reached XP level 6. HP: 32/45 MP: 6/11
  2739 | D:7      | Noticed a water moccasin
  2748 | D:7      | Killed a water moccasin
  2749 | D:7      | Reached skill level 7 in Conjurations
  2859 | D:7      | Found a flagged portal.
  2874 | Bailey   | Entered a bailey
  3146 | Bailey   | Reached skill level 8 in Conjurations
  3467 | Bailey   | Noticed an orc knight
  3506 | Bailey   | Mangled by an orc knight

Illustrated notes

Levels and vault maps discovered:
D:1:      dpeg_arrival_round_c, layout_basic, serial_shops, shop, shop,
          st_stairs_7
D:2:      layout_rooms, dreamdust_ecumenical_altar_grove
D:3:      layout_basic, nicolae_overflow_hidden_temple,
          nicolae_ru_great_annihilating_truth, serial_shops, shop
D:4:      layout_basic, okawaru_ov_weapons_minmay, uniq_ijyb, uniq_grinder,
          uniq_robin
D:6:      nicolae_BIG_FREAKIN_CUBE, layout_cave_pods, minmay_pentangle,
          uniq_pikel
D:7:      layout_loops_ring, nemelex_diamond_rough_becter, enter_bailey_2,
          uniq_maggie
Bailey:   bailey_polearm_nasty_gnolls, bailey

Skill      XL: |  1  2  3  4  5  6 |
---------------+-------------------+-----
Conjurations   | 4 5 6 8 |  8.0
Dodging        | |  1.7
Stealth        | |  1.7
Spellcasting   | |  1.7

Action                     |  1- 3 |  4- 6 || total
---------------------------+-------+-------++-------
  Melee: Short sword       |    17 |       ||    17
         Dagger            |     8 |    44 ||    52
   Cast: Magic Dart        |    78 |    38 ||   116
         Searing Ray       |       |    22 ||    22
    Use: Scroll            |       |     1 ||     1
         Potion            |       |     1 ||     1
   Stab: Paralysed         |       |     1 ||     1
 Armour: Robe              |     8 |       ||     8
         Leather armour    |     5 |    10 ||    15
         Ring mail         |       |    19 ||    19
  Dodge: Dodged            |    36 |    33 ||    69
  Block: Other             |     4 |    23 ||    27
